AoeStats
← ITA | MarknighT

Arabian Desert

509333800Analyzed
1v1 RM · 7d ago on Sep 26, 2026· 38m 19s· 2 players
Game mode
Random Map
Map size
Tiny (2 player)
Population
200
Speed
Normal
Resources
Standard
Victory
Conquest
Starting age
Dark Age
Ending age
Imperial Age
RankedLock teamsTeams togetherTeam positionsShared explorationLock speedFull tech treeHidden civsTurbo modeCheats
Victory
Defeat
🇮🇹 Khmer · Italy
1973
+16
🇸🇪 Koreans · Sweden
1980
-16
ITA | MarknighT
5:44 Loom
8:08 Feudal Age
8:46 Double-Bit Axe
14:10 Fletching
16:02 Forging
20:59 Castle Age
19:42 Horse Collar
20:36 Padded Archer Armor
21:46 Bodkin Arrow
22:59 Bow Saw
23:33 Elite Skirmisher
24:36 Town Watch
26:00 Leather Archer Armor
29:28 Scale Barding Armor
30:34 Bloodlines
30:25 Husbandry
32:09 Chain Barding Armor
38:07 Imperial Age
36:30 Wheelbarrow
37:17 Ballistics
37:11 Stone Mining
37:12 Gold Mining
BuLLeT_
6:19 Loom
8:53 Feudal Age
9:31 Double-Bit Axe
15:12 Fletching
22:31 Castle Age
20:43 Horse Collar
22:33 Crossbowman
23:24 Bow Saw
23:34 Bodkin Arrow
25:20 Town Watch
26:57 Heavy Plow
31:41 Wheelbarrow
37:31 Imperial Age
38:42 Imperial Age
Connection lost

Rejoining the realm…

Still unreachable

The connection could not be restored.

Session expired

The server has moved on; the page needs a fresh start.